 Dungeon Crawl Stone Soup version 0.31-a0-965-g8a8ce12e04 (webtiles) character file.

Game seed: 9801512725074428575

84 akrav the Shooter (level 4, -4/34 HPs)
             Began as a Formicid Hunter on Oct 26, 2023.
             Slain by a cerulean imp
             ... wielding a +2 spear
             ... summoned by Natasha
              (5 damage)
             ... on level 2 of the Dungeon.
             The game lasted 00:03:44 (846 turns).

akrav the Shooter (Formicid Hunter)                  Turns: 846, Time: 00:03:44

Health: -4/34      AC:  3    Str: 16    XL:     4   Next: 74%
Magic:  4/4        EV: 12    Int:  8    God:
Gold:   21         SH:  0    Dex: 19    Spells: 3/3 levels left

rFire   . . .        a - +0 shortbow
rCold   . . .        (no shield)
rNeg    . . .        c - +0 leather armour
rPois   .            (helmet unavailable)
rElec   .            (no cloak)
rCorr   .            (no gloves)
SInv    +            (no boots)
Will    .....        (no amulet)
Stlth   ++           (no ring)
HPRegen 0.25/turn    (no ring)
MPRegen 0.09/turn

%: no passive effects
@: no status effects
A: permanent stasis, dig shafts and tunnels, antennae 3, four strong arms
a: Dig, Shaft Self


You were on level 2 of the Dungeon.
You visited 1 branch of the dungeon, and saw 2 of its levels.

You collected 21 gold pieces.

Inventory:

Hand Weapons
 a - a +0 shortbow (weapon)
 j - a +0 dagger
Missiles
 k - 4 atropa-tipped darts
Armour
 c - a +0 leather armour (worn)
Scrolls
 b - a scroll of butterflies
Potions
 d - 3 potions of curing
 f - a potion of mutation {unknown}
 h - a potion of magic {unknown}


   Skills:
 * Level 2.6 Fighting
 * Level 5.2 Ranged Weapons
 * Level 0.3 Armour
 * Level 2.0 Dodging
 * Level 2.3 Stealth


You had 3 spell levels left.
You didn't know any spells.
Your spell library contained the following spells:

 Spells                   Type           Power      Damage    Failure   Level
 Sandblast                Erth           0%         2d4       47%         1
 Passwall                 Tmut/Erth      0%         N/A       63%         2
 Stone Arrow              Conj/Erth      0%         3d7       85%         3
 Brom's Barrelling Bould  Conj/Erth      0%         2d3       99%         4


Dungeon Overview and Level Annotations

Branches:
Dungeon (2/15)

Altars:

Annotations:
D:2 Natasha


Innate Abilities, Weirdness & Mutations

You cannot be hasted, slowed, berserked, paralysed or teleported.
You can dig through walls and to a lower floor.
You have a pair of large antennae on your head. (SInv)
Your four strong arms can wield two-handed weapons with a shield.


Message History

You shoot an arrow. The arrow closely misses Natasha.
Natasha claws you.
* * * LOW HITPOINT WARNING * * *
The cerulean imp closely misses you.
Fire: a) +0 shortbow
Press: ? - help, Shift-Dir - straight line, f/p - Natasha
Aim: Natasha (58% to hit)
You shoot an arrow. The arrow hits Natasha.
Natasha is lightly wounded.
Natasha casts a spell at you. The magic dart hits you.
* * * LOW HITPOINT WARNING * * *
The cerulean imp barely misses you.
Fire: a) +0 shortbow
Press: ? - help, Shift-Dir - straight line, f/p - Natasha
Aim: Natasha (lightly wounded, 58% to hit)
You shoot an arrow. The arrow barely misses Natasha.
Natasha completely misses you.
The cerulean imp hits you from afar with a +2 spear.
* * * LOW HITPOINT WARNING * * *
Fire: a) +0 shortbow
Press: ? - help, Shift-Dir - straight line, f/p - Natasha
Aim: Natasha (lightly wounded, 58% to hit)
You shoot an arrow. The arrow hits Natasha.
Natasha is moderately wounded.
Natasha claws you.
* * * LOW HITPOINT WARNING * * *
The cerulean imp barely misses you.
Fire: a) +0 shortbow
Press: ? - help, Shift-Dir - straight line, f/p - Natasha
Aim: Natasha (moderately wounded, 58% to hit)
You shoot an arrow. The arrow hits Natasha.
Natasha is severely wounded.
Natasha mumbles some strange words.
The cerulean imp closely misses you.
Fire: a) +0 shortbow
Press: ? - help, Shift-Dir - straight line, f/p - Natasha
Aim: Natasha (severely wounded, 58% to hit)
You shoot an arrow. The arrow misses Natasha.
Natasha closely misses you.
The cerulean imp hits you from afar with a +2 spear.
You die...

## . #. .. .. ... ##.
### ....#.. ..#
#...h## #.# #55.@##
#.# #.....###### #.##
##.#.......#######.##
#.###.###......##.##
. #.# ######....)# #.
#.. ####... # ####
#.## #.## #.##


You could see Natasha and 2 cerulean imps.

Vanquished Creatures
  Natasha (twice) (D:2)
  2 worms (D:2)
  A dart slug (D:1)
  2 ball pythons (D:1)
  A bat (D:1)
  3 endoplasms (D:1)
  3 giant cockroaches (D:1)
  2 goblins (D:1)
  3 hobgoblins (D:1)
  3 kobolds
  2 frilled lizards (D:1)
  3 rats (D:1)
27 creatures vanquished.

Notes
Turn   | Place    | Note
-------+----------+-------------------------------------------
     0 | D:1      | akrav the Formicid Hunter began the quest for the Orb.
     0 | D:1      | Reached XP level 1. HP: 16/16 MP: 1/1
    73 | D:1      | Reached XP level 2. HP: 23/23 MP: 2/2
   132 | D:1      | Found a faded altar of an unknown god.
   222 | D:1      | Reached XP level 3. HP: 28/28 MP: 3/3
   691 | D:2      | Noticed Natasha
   696 | D:2      | Killed Natasha
   697 | D:2      | Reached XP level 4. HP: 34/34 MP: 4/4
   703 | D:2      | Reached skill level 5 in Ranged Weapons
   772 | D:2      | Noticed Natasha
   778 | D:2      | Killed Natasha
   833 | D:2      | Noticed Natasha
   843 | D:2      | HP: 1/34 [cerulean imp/+2 spear[Natasha] (4)]
   846 | D:2      | Slain by a cerulean imp

Illustrated notes

Levels and vault maps discovered:
D:1:      lightli_arrival_maybe_door_vault, layout_loops_ring,
          nicolae_ecumenical_lake_church, minmay_misc_feat_nine_boxes
D:2:      layout_rooms, uniq_natasha

Skill      XL: |  1  2  3  4 |
---------------+-------------+-----
Stealth        | 2 |  2.3
Ranged Weapons | 5 |  5.2
Dodging        | 2 |  2.0
Fighting       | |  2.6
Armour         | |  0.3

Action                     |  1- 3 |  4- 6 || total
---------------------------+-------+-------++-------
   Fire: Shortbow          |    48 |    39 ||    87
    Use: Scroll            |     3 |     1 ||     4
 Armour: Leather armour    |     3 |    11 ||    14
  Dodge: Dodged            |     9 |    11 ||    20

Table legend: (Time is in decaauts)
 A = Elapsed time spent in this place.
 B = Non-inter-level travel time spent in this place.
 C = Inter-level travel time spent in this place.
 D = Time resting spent in this place.
 E = Time spent auto-exploring this place.
 F = Levels seen in this place.
 G = Mean time per level.
                   A        B        C        D        E       F      G
               +--------+--------+--------+--------+--------+-----+--------+
         Total |    864 |    833 |     31 |      0 |    637 |   2 |  432.0 |
       Dungeon |    864 |    833 |     31 |      0 |    637 |   2 |  432.0 |
               +--------+--------+--------+--------+--------+-----+--------+

Top non-repeatable levels by time:
     D:1: 702 daAuts
     D:2: 162 daAuts
